 Dungeon Crawl Stone Soup version 0.20.1-1-g8b1a95d (webtiles) character file.

86328 ghjk the Severer (level 15, 0/139 HPs)
             Began as a Minotaur Fighter on July 15, 2017.
             Was the Champion of Okawaru.
             Slain by a soul eater (10 damage)
             ... summoned by an orc sorcerer
             ... while paralysed by an orc sorcerer
             ... on level 2 of the Orcish Mines.
             The game lasted 00:47:43 (27429 turns).

ghjk the Severer (Minotaur Fighter)                Turns: 27429, Time: 00:47:44

Health: 0/139      AC: 20    Str: 34    XL:     15   Next: 40%
Magic:  15/15      EV:  2    Int:  5    God:    Okawaru [******]
Gold:   1101       SH:  0    Dex: 10    Spells: 14/14 levels left

rFire    + + .     SeeInvis .   y - +2 broad axe (freeze)
rCold    + + +     Gourm    .   c - +0 shield
rNeg     . . .     Faith    .   K - +1 plate armour
rPois    .         Spirit   .   x - +1 hat "Earthly Heaven" {rC++}
rElec    .         Reflect  .   U - scarf {rC+ rF+}
rCorr    .         Harm     .   (no gloves)
MR       +....                  R - +0 pair of boots (curse)
Stlth    ..........             (no amulet)
Regen    0.4/turn               m - ring of protection from magic
MPRegen  0.2/turn               s - ring of Vufficowk {rF+ rC+ MR- Str+7 Slay+3}

@: paralysed, lethally poisoned (0 -> -8), drained
A: retaliatory headbutt, horns 2
a: Heroism, Finesse, Renounce Religion


You were on level 2 of the Orcish Mines.
You worshipped Okawaru.
Okawaru was exalted by your worship.
You were very hungry.

You visited 4 branches of the dungeon, and saw 23 of its levels.
You also visited: Sewer.

You collected 2019 gold pieces.
You spent 918 gold pieces at shops.

Inventory:

Hand Weapons
 y - a +2 broad axe of freezing (weapon)
 z - a +0 war axe of venom
 E - a +6 battleaxe of chopping
 O - a +2 falchion of flaming
 Y - a +1 battleaxe of freezing
Armour
 c - a +0 shield (worn)
 v - a +2 hat
 x - the +1 hat "Earthly Heaven" (worn) {rC++}
   (Okawaru gifted it to you on level 2 of the Lair of Beasts)

   It greatly protects you from cold.
 K - a +1 plate armour (worn)
 R - a cursed +0 pair of boots (worn)
 U - a scarf of resistance (worn)
Jewellery
 m - a ring of protection from magic (left hand)
 s - the ring of Vufficowk (right hand) {rF+ rC+ MR- Str+7 Slay+3}
   (You bought it in a shop on level 8 of the Dungeon)

   [ring of slaying]

   It affects your strength (+7).
   It affects your accuracy and damage with ranged weapons and melee attacks
   (+3).
   It protects you from fire.
   It protects you from cold.
   It affects your resistance to hostile enchantments.
 t - the ring of Neruschi {rN+ Int+6 Dex+4}
   (You acquired it on level 2 of the Lair of Beasts)

   [ring of positive energy]

   It affects your intelligence (+6).
   It affects your dexterity (+4).
   It protects you from negative energy.
 A - a +3 ring of protection
 B - a cursed ring of teleportation {unknown}
 C - an uncursed ring of magical power
 G - an uncursed ring of fire
 J - an uncursed ring of wizardry {unknown}
 P - a +3 ring of dexterity {unknown}
 S - an uncursed ring of flight {unknown}
 V - an uncursed ring of positive energy
 Z - an uncursed amulet of regeneration
Wands
 a - a wand of iceblast (9/15)
 D - a wand of confusion (34/48)
 X - a wand of polymorph (10/24)
Scrolls
 b - 4 scrolls of identify
 i - 12 scrolls of remove curse
 l - 13 scrolls of teleportation
 n - 2 scrolls of recharging
 r - 4 scrolls of amnesia
 H - 4 scrolls of magic mapping
 I - 2 scrolls of blinking
 L - 5 scrolls of fog
 M - 2 scrolls of enchant weapon
 Q - 2 scrolls of enchant armour
Potions
 d - 7 potions of flight
 e - 3 potions of invisibility
 j - 7 potions of curing
 k - 7 potions of heal wounds
 o - a potion of berserk rage
 p - 3 potions of degeneration
 q - a potion of haste
 u - 2 potions of resistance
 F - 2 potions of ambrosia
 N - a potion of cancellation
 W - 4 potions of agility
Books
 g - a book of the Sky

   Spells                             Type                      Level
   a - Summon Lightning Spire         Summoning/Air                4
   b - Silence                        Hexes/Air                    5
   c - Deflect Missiles               Charms/Air                   6
   d - Conjure Ball Lightning         Conjuration/Air              6
   e - Tornado                        Air                          9
Comestibles
 f - 9 bread rations
 h - 3 royal jellies
 w - 12 meat rations


   Skills:
 + Level 14.6(13.7) Fighting
 + Level 3.1(2.5) Long Blades
 + Level 18.5(17.5) Axes
 + Level 15.2(14.3) Armour
 + Level 4.1(3.4) Dodging
 - Level 1.0(0.3) Stealth
 + Level 14.8(13.9) Shields
 + Level 2.4(1.8) Invocations


You had 14 spell levels left.
You didn't know any spells.

Dungeon Overview and Level Annotations

Branches:
Dungeon (14/15)            Temple (1/1) D:5            Lair (6/6) D:9
 Shoals (0/4) Lair:4        Snake (0/4) Lair:3        Slime (0/5) Lair:6
    Orc (2/2) D:11            Elf (0/3) Orc:2
 Vaults: D:13-14

Altars:
Ashenzari
Cheibriados
Dithmenos
Elyvilon
Fedhas
Gozag
Hepliaklqana
Kikubaaqudgha
Makhleb
Nemelex Xobeh
Okawaru
Qazlal
Ru
Sif Muna
Trog
Uskayaw
Vehumet
Xom
Yredelemnul
Zin
The Shining One

Shops:
D:8 =   D:10 [   D:12 *   D:13 ![!*[   Orc:1 =

Annotations:
D:7 1 runed door
D:14 Baril's ghost, journeyman DESu


Innate Abilities, Weirdness & Mutations

You reflexively headbutt those who attack you in melee.
You have a pair of horns on your head.


Message History

You feel sick.
The orc priest shouts!
The orc warrior shouts!
The orc warrior hits you with a hand axe!
* * * LOW HITPOINT WARNING * * *
The orc warrior hits you from afar with a trident of venom.
* * * LOW HITPOINT WARNING * * *
You are more poisoned.
The orc priest invokes the aid of Beogh against you.
Beogh smites you!
* * * LOW HITPOINT WARNING * * *
The orc wizard hits you with a dagger.
* * * LOW HITPOINT WARNING * * *
The orc sorcerer hits you but does no damage.
The orc knight hits you with a dire flail.
* * * LOW HITPOINT WARNING * * *
The orc high priest utters an invocation to Beogh.
The orc warrior hits you but does no damage.
The orc priest looks encouraged for a moment.
The soul eater hits you!
You die...

..)....................))...4o...
...........................o.....
...############.....############.
...# #..o......# #. ...#
#.........# #. ...# #.........#
#. ...# #...).....# #. ...#
.###...ooo...## #. [..#
......o@oo..... #. ...#
..3..oo3o..o... #. ...#
.....o{.o....o. #. ...#
o###o..o.....## #. ...#
#...o.....# #. ...# #...oo....#
#. ...# #.o.o⌠o..o# #. ...#
#.o.....o.# #. ...# #.


You could see an orc warlord, an orc knight, a soul eater, 2 orc high priests, a
smoke demon, an orc sorcerer, 7 orc warriors, 5 orc priests, 4 orc wizards and 5
orcs.

Vanquished Creatures
  Rupert (Lair:4)
  Snorg (Lair:4)
  The ghost of vishdafish the Grappler, a journeyman TrTm of Jiyva (D:14)
  A fire dragon (Lair:6)
  Harold (Lair:4)
  Erolcha (Orc:1)
  10 hydras
  4 two-headed ogres
  2 centaur warriors
  Erica (Orc:1)
  9 death yaks (Lair:6)
  3 orc high priests (Orc:2)
  Nergalle (D:12)
  The ghost of Overlord the Basher, a novice MiBe of Trog (D:7)
  3 unseen horrors
  A lindwurm (Lair:6)
  Pikel (D:7)
  An oklob plant (Lair:5)
  4 deep elf magi
  3 cyclopes
  4 orc sorcerers
  7 black mambas
  Maurice (D:8)
  Joseph (D:7)
  3 molten gargoyles (Lair:6)
  A gargoyle (D:13)
  3 torpor snails
  2 rime drakes (Lair:6)
  3 centaur skeletons
  9 spiny frogs
  The ghost of Turgon the Sneak, a novice OpFi (Sewer)
  13 komodo dragons
  4 kobold demonologists
  6 trolls
  A hornet (D:11)
  A meliai (D:13)
  A polar bear (Lair:6)
  A raiju (shapeshifter) (D:13)
  16 dream sheep
  7 slime creatures
  4 blink frogs (Lair:6)
  6 hippogriffs
  7 wyverns
  A shadow (D:14)
  A wraith (D:13)
  A vampire (D:14)
  7 basilisks
  47 yaks
  2 hungry ghosts
  3 steam dragons
  12 vampire mosquitoes
  A warg (Orc:1)
  2 insubstantial wisps (D:11)
  A naga (Lair:3)
  An acid dragon (D:12)
  2 two-headed ogre zombies (D:11)
  Menkaure (D:7)
  Duvessa (D:7)
  14 water moccasins
  4 hell hounds (Lair:6)
  10 porcupines
  27 orc warriors
  A hornet zombie (D:6)
  A black bear (D:10)
  8 sky beasts
  5 phantoms
  14 ogres
  A necrophage (D:9)
  13 wolves
  20 centaurs
  17 crocodiles
  10 big kobolds
  A gnoll sergeant (D:9)
  15 bullfrogs
  2 wyvern zombies
  6 scorpions
  Dowan (D:7)
  3 troll zombies (D:11)
  24 killer bees
  2 howler monkeys (D:8)
  12 wights
  An electric eel (Lair:5)
  5 crimson imps
  A wyvern simulacrum (D:14)
  5 lava snakes (Lair:6)
  A quasit (D:13)
  A bullfrog zombie (D:9)
  8 hounds
  18 orc priests
  5 bullfrog skeletons
  5 jellies
  41 orc wizards
  A gnoll shaman (D:6)
  6 iguanas
  Natasha (thrice) (D:2)
  14 worker ants
  3 ogre zombies (D:11)
  2 hound skeletons
  2 worker ant zombies
  A howler monkey skeleton (D:5)
  17 adders
  9 gnolls
  4 shadow imps
  12 white imps (D:11)
  An ooze (D:4)
  An adder skeleton (D:8)
  An adder zombie (D:9)
  3 worms
  2 dart slugs
  6 leopard geckos
  97 orcs
  4 ball pythons (Sewer)
  7 giant cockroaches
  9 goblins
  13 hobgoblins
  12 jackals
  3 quokkas
  5 bats
  4 frilled lizards
  A goblin skeleton (D:11)
  3 goblin zombies (D:11)
  A hobgoblin skeleton (D:11)
  A hobgoblin zombie (D:11)
  36 kobolds
  2 leopard gecko skeletons
  An orc skeleton (D:11)
  18 orc zombies (D:11)
  3 quokka skeletons
  9 rats
  A butterfly (D:4)
  7 fungi
  3 plants
865 creatures vanquished.

Vanquished Creatures (others)
  Fannar (D:12)
  A wizard (D:4)
  An orc (Orc:2)
  13 fungi
  8 plants
24 creatures vanquished.

Grand Total: 889 creatures vanquished

Notes
Turn   | Place    | Note
-------+----------+-------------------------------------------
     0 | D:1      | ghjk the Minotaur Fighter began the quest for the Orb.
     0 | D:1      | Reached XP level 1. HP: 19/19 MP: 0/0
   127 | D:1      | Reached XP level 2. HP: 27/27 MP: 1/1
   560 | D:2      | Reached XP level 3. HP: 23/33 MP: 2/2
   569 | D:2      | Reached skill level 3 in Axes
   674 | D:2      | Noticed Natasha
   690 | D:2      | Killed Natasha
   690 | D:2      | Reached XP level 4. HP: 23/40 MP: 3/3
   803 | D:2      | Noticed Natasha
   813 | D:2      | Killed Natasha
   848 | D:2      | Found a hide-covered altar of Uskayaw.
   972 | D:2      | Noticed Natasha
   988 | D:2      | Killed Natasha
   988 | D:2      | Reached skill level 4 in Axes
   988 | D:2      | Reached XP level 5. HP: 31/47 MP: 4/4
  1145 | D:3      | Found a glowing drain.
  1176 | Sewer    | Entered a sewer
  1202 | Sewer    | Noticed Turgon's ghost (novice OpFi)
  1216 | Sewer    | Killed Turgon's ghost
  1216 | Sewer    | Reached skill level 5 in Fighting
  1216 | Sewer    | Reached skill level 5 in Axes
  1216 | Sewer    | Reached skill level 5 in Armour
  1216 | Sewer    | Reached skill level 1 in Dodging
  1216 | Sewer    | Reached skill level 5 in Shields
  1216 | Sewer    | Reached XP level 6. HP: 30/56 MP: 5/5
  1487 | Sewer    | Noticed Purgy
  1614 | D:3      | Found a shadowy altar of Dithmenos.
  1690 | D:3      | Found a snail-covered altar of Cheibriados.
  2167 | D:3      | Reached XP level 7. HP: 61/61 MP: 6/6
  2190 | D:3      | Found a white marble altar of Elyvilon.
  2378 | D:3      | Found a deep blue altar of Sif Muna.
  2588 | D:4      | Reached skill level 6 in Axes
  2820 | D:4      | HP: 3/61 [ogre/giant club (15)]
  2959 | D:4      | Found a shimmering altar of Xom.
  3093 | D:4      | Found a bloodstained altar of Trog.
  3095 | D:4      | Noticed a wizard
  3102 | D:4      | Killed a wizard
  3212 | D:5      | Entered Level 5 of the Dungeon
  3235 | D:5      | Reached XP level 8. HP: 68/68 MP: 7/7
  3334 | D:5      | Found a radiant altar of Vehumet.
  3334 | D:5      | Found a glowing golden altar of the Shining One.
  3474 | D:5      | Reached skill level 7 in Axes
  3573 | D:5      | Found a burning altar of Makhleb.
  3575 | D:5      | Found a glowing silver altar of Zin.
  3575 | D:5      | Noticed an angel
  3576 | D:5      | Noticed a green death
  3640 | D:5      | Found a staircase to the Ecumenical Temple.
  3909 | D:6      | Found a bloodstained altar of Trog.
  4168 | D:6      | Found a sparkling altar of Nemelex Xobeh.
  4364 | D:6      | Found a sacrificial altar of Ru.
  4384 | D:6      | Reached skill level 8 in Axes
  4907 | D:7      | Noticed Menkaure
  4915 | D:7      | Killed Menkaure
  5135 | D:7      | Reached XP level 9. HP: 61/78 MP: 8/8
  5140 | D:7      | Noticed Pikel
  5282 | D:7      | Noticed Overlord's ghost (novice MiBe)
  5295 | D:7      | Killed Overlord's ghost
  5295 | D:7      | Reached skill level 9 in Axes
  5295 | D:7      | Reached skill level 1 in Stealth
  5498 | D:7      | Noticed Joseph
  5499 | D:7      | Noticed Duvessa
  5777 | D:7      | Found a runed door.
  5777 | D:7      | Noticed a sixfirhy
  5927 | D:7      | Paralysed by Joseph for 7 turns
  6314 | Temple   | Entered the Ecumenical Temple
  6490 | Temple   | Became a worshipper of Warmaster Okawaru
  6596 | D:7      | Noticed Dowan
  6602 | D:7      | Killed Dowan
  6612 | D:7      | Killed Duvessa
  6844 | D:7      | Killed Pikel
  6844 | D:7      | Reached * piety under Okawaru
  6844 | D:7      | Reached skill level 10 in Axes
  7078 | D:7      | Killed Joseph
  7078 | D:7      | Reached XP level 10. HP: 88/88 MP: 9/9
  7582 | D:8      | Reached ** piety under Okawaru
  7641 | D:8      | Found Xouloef's Jewellery Shoppe.
  7750 | D:8      | Reached skill level 11 in Axes
  7866 | D:8      | Noticed Maurice
  7914 | D:8      | Killed Maurice
  8638 | D:9      | Found a staircase to the Lair.
  9120 | D:9      | Found a shattered altar of Ashenzari.
  9295 | D:9      | Reached *** piety under Okawaru
  9295 | D:9      | Reached skill level 12 in Axes
  9535 | D:9      | Noticed a three-headed hydra
  9555 | D:9      | Killed a one-headed hydra
  9555 | D:9      | Reached **** piety under Okawaru
  9555 | D:9      | Reached skill level 10 in Armour
 10188 | D:10     | Entered Level 10 of the Dungeon
 10249 | D:10     | Reached XP level 11. HP: 97/97 MP: 10/10
 10342 | D:10     | Found a shimmering altar of Xom.
 10441 | D:10     | Found Rifuq's Armour Emporium.
 10501 | D:10     | Reached skill level 13 in Axes
 10609 | D:10     | Noticed a two-headed ogre
 10915 | D:10     | Killed an unseen horror
 10946 | D:10     | Received a gift from Okawaru
 11312 | D:10     | Killed a two-headed ogre
 11348 | D:11     | Reached skill level 10 in Shields
 11596 | D:10     | Noticed a two-headed ogre
 11603 | D:10     | Killed a two-headed ogre
 11750 | D:10     | Reached ***** piety under Okawaru
 11796 | D:11     | Noticed a centaur warrior
 11806 | D:11     | Killed a centaur warrior
 11901 | D:11     | Reached skill level 10 in Fighting
 11914 | D:11     | Reached skill level 14 in Axes
 12208 | D:11     | Killed an unseen horror
 12208 | D:11     | Received a gift from Okawaru
 12426 | D:11     | Reached XP level 12. HP: 92/106 MP: 11/11
 12511 | D:11     | Found a staircase to the Orcish Mines.
 12768 | D:11     | Noticed a two-headed ogre
 12775 | D:11     | Killed a two-headed ogre
 13918 | D:12     | Reached skill level 15 in Axes
 14168 | D:12     | Noticed Fannar
 14187 | D:12     | Killed Fannar
 14668 | D:12     | Found Xodghuik's Assorted Antiques.
 14970 | D:12     | Noticed Nergalle
 14977 | D:12     | Killed Nergalle
 15210 | D:13     | Found Uteiph's Antique Armour Emporium.
 15501 | D:13     | Noticed a centaur warrior
 15757 | D:13     | Received a gift from Okawaru
 15757 | D:13     | Reached XP level 13. HP: 65/116 MP: 12/12
 16148 | D:13     | Reached skill level 16 in Axes
 16173 | D:13     | Found Rexzepredwu's Distillery.
 16304 | D:13     | Found Hessawupn's Armour Boutique.
 16340 | D:13     | Found Veiprism's Distillery.
 16359 | D:13     | Found Yduneixih's Assorted Antiques.
 16807 | D:14     | Noticed vishdafish's ghost (journeyman TrTm)
 16825 | D:14     | Killed vishdafish's ghost
 16952 | D:14     | Noticed Baril's ghost (journeyman DESu)
 17249 | Lair:1   | Entered Level 1 of the Lair of Beasts
 17332 | Lair:1   | Received a gift from Okawaru
 17335 | Lair:1   | Got a bloodstained war axe {god gift}
 17336 | Lair:1   | Identified the +3 war axe of Tomorrow {chop, *Noise rF+ Int+2} (Okawaru gifted it to you on level 1 of the Lair of Beasts)
 18260 | D:8      | Bought the ring of Vufficowk {rF+ rC+ MR- Str+7 Slay+3} for 918 gold pieces
 18989 | Lair:2   | Received a gift from Okawaru
 18992 | Lair:2   | Got a brightly glowing hat {god gift}
 18998 | Lair:2   | Identified the +1 hat "Earthly Heaven" {rC++} (Okawaru gifted it to you on level 2 of the Lair of Beasts)
 19272 | Lair:2   | Identified a scroll of acquirement
 19273 | Lair:2   | Got a clouded ivory ring
 19275 | Lair:2   | Identified the ring of Neruschi {rN+ Int+6 Dex+4} (You acquired it on level 2 of the Lair of Beasts)
 19354 | Lair:2   | Reached skill level 1 in Long Blades
 19744 | Lair:3   | Found a staircase to the Snake Pit.
 20456 | Lair:3   | Found a shimmering altar of Xom.
 20724 | Lair:3   | Reached skill level 1 in Invocations
 20724 | Lair:3   | Reached XP level 14. HP: 99/129 MP: 11/13
 21063 | Lair:4   | Noticed Rupert
 21068 | Lair:4   | Paralysed by Rupert for 7 turns
 21083 | Lair:5   | You fall through a shaft!
 21083 | Lair:6   | Entered Level 6 of the Lair of Beasts
 21083 | Lair:6   | Found a staircase to the Slime Pits.
 21631 | Lair:6   | Reached skill level 17 in Axes
 21798 | Lair:6   | Reached ****** piety under Okawaru
 22432 | Lair:6   | Received a gift from Okawaru
 22467 | Lair:6   | Found a large runed door.
 22467 | Lair:6   | Found a large runed door.
 22882 | Lair:6   | Reached skill level 18 in Axes
 24565 | Lair:5   | Reached XP level 15. HP: 138/138 MP: 15/15
 24648 | Lair:4   | Paralysed by Rupert for 4 turns
 24658 | Lair:4   | Killed Rupert
 24686 | Lair:4   | Found a staircase to the Shoals.
 24777 | Lair:4   | Noticed Harold
 24785 | Lair:4   | Killed Harold
 24815 | Lair:4   | Noticed Snorg
 24820 | Lair:4   | Killed Snorg
 25310 | Orc:1    | Entered Level 1 of the Orcish Mines
 25451 | Orc:2    | Entered Level 2 of the Orcish Mines
 25459 | Orc:1    | Noticed Erica
 25466 | Orc:1    | Killed Erica
 25466 | Orc:1    | Reached skill level 15 in Armour
 25545 | Orc:1    | You fall through a shaft!
 25629 | Orc:1    | Found Qexkot's Jewellery Shop.
 25629 | Orc:1    | Noticed Erolcha
 25637 | Orc:1    | Killed Erolcha
 26781 | Orc:2    | Received a gift from Okawaru
 27064 | Orc:2    | Found a staircase to the Elven Halls.
 27087 | Orc:2    | Noticed an orc warlord
 27427 | Orc:2    | Paralysed by an orc sorcerer for 2 turns
 27429 | Orc:2    | Slain by a soul eater

Skill      XL: |  1  2  3  4  5  6  7  8  9 10 11 12 13 14 15 |
---------------+----------------------------------------------+-----
Armour         | 4 5 6 7 8 10 11 12 13 14 15 | 15.2
Fighting       | 4 5 6 7 9 10 11 13 14 | 14.6
Axes           | 3 4 5 6 8 10 12 14 15 16 18 | 18.5
Shields        | 4 5 6 7 8 9 10 12 13 14 | 14.8
Dodging        | 1 2 3 4 |  4.1
Stealth        | 1 |  1.0
Long Blades    | 1 2 3 |  3.1
Invocations    | 1 2 |  2.4

Action                   |  1- 3 |  4- 6 |  7- 9 | 10-12 | 13-15 || total
-------------------------+-------+-------+-------+-------+-------++-------
Melee: War axe           |    14 |       |   234 |   957 |   311 ||  1516
       Hand axe          |    57 |   145 |   119 |       |       ||   321
       Headbutt          |     9 |    19 |    72 |   178 |   243 ||   521
       Falchion          |       |       |       |     5 |    25 ||    30
       Broad axe         |       |       |       |       |   567 ||   567
Invok: Heroism           |       |       |       |     6 |     6 ||    12
       Finesse           |       |       |       |       |     2 ||     2
  Use: Scroll            |       |     8 |    10 |     5 |    14 ||    37
       Potion            |       |     1 |     4 |       |       ||     5
  Eat: Chunk             |       |     4 |    12 |    12 |    22 ||    50
       Fruit             |       |       |     2 |    23 |       ||    25
       Royal jelly       |       |       |     1 |       |     5 ||     6
       Meat ration       |       |       |       |     1 |       ||     1
Armor: Scale mail        |    26 |    46 |    16 |       |       ||    88
       Chain mail        |       |       |    45 |       |       ||    45
       Plate armour      |       |       |    55 |   363 |   321 ||   739
Dodge: Dodged            |    18 |    41 |    65 |   215 |   190 ||   529
Block: Shield            |    35 |    60 |   184 |   475 |   504 ||  1258
       Rpst.: Falchion   |       |       |       |       |     2 ||     2
